Thunder vs Diablos
(R1)
Created - November 26, 2020 at 19:16
Goals
|
| Thunder |
2 |
1 |
3 |
6 |
| Diablos |
1 |
3 |
1 |
5 |
|
Shots
|
| Thunder |
7 |
11 |
8 |
26 |
| Diablos |
9 |
22 |
10 |
41 |
|
1st period
1. Thunder , William Karlsson 8 (Dany Roussin 20) at 15:33 (PP)
2. Thunder , William Karlsson 9 (Colton Sceviour 6) at 16:04
3. Diablos , Ty Rattie 3 (Alex Petrovic 2, Jakub Vrana 3) at 17:12
Penalties :
Andrey Pedan (Don) for Hooking (Minor) at 15:19
2nd period
4. Diablos , Brian Dumoulin 5 (Corey Trivino 7) at 3:50 (PP)
5. Diablos , Adam Gaudette 5 (Corey Tropp 11, Tyler Pitlick 6) at 4:45
6. Diablos , Peter Holland 10 (Adrian Kempe 17) at 16:05 (PP)
7. Thunder , Mikko Vainonen 3 (Dany Roussin 21) at 16:44 (PP)
Penalties :
Emil Johansson (TRO) for Roughing (Minor) at 0:03, Gianluca Curcuruto (TRO) for Interference (Minor) at 3:18, Jesper Pettersson (TRO) for Interference (Minor) at 15:04, Peter Holland (Don) for Holding (Minor) at 16:27
3rd period
8. Diablos , Corey Trivino 2 (Tyler Pitlick 7) at 1:18
9. Thunder , Trevor Lewis 9 (Mike Hoffman 15, William Karlsson 20) at 11:28
10. Thunder , Jamie McGinn 4 (Artturi Lehkonen 2, Mikko Vainonen 8) at 17:13
11. Thunder , Jamie McGinn 5 (William Karlsson 21, Angelo Esposito 7) at 17:25
Penalties :
Danton Heinen (Don) for Holding (Minor) at 2:27, Artturi Lehkonen (TRO) for Hooking (Minor) at 6:35, Gianluca Curcuruto (TRO) for Slashing (Minor) at 9:45, Adrian Kempe (Don) for High sticking (Minor) at 10:53
Goalie Stats
Niklas Treutle (TRO), 36 saves from 41 shots - (0.878), W, 6-7-0, 60:00 minutes
Joni Ortio (Don), 20 saves from 26 shots - (0.769), L, 9-2-1, 58:48 minutes
Players Stats for Thunder
Player Name G A P +/- PIM S H SB GA TA FO MP PP MP PK MP
------------------------------------------------------------------------------------
Angelo Esposito 0 1 1 1 0 0 1 0 0 1 3/3 11:03 0:00 0:00
Artturi Lehkonen 0 1 1 -1 2 2 2 0 0 0 0/0 8:44 0:00 0:00
Artur Gavrus 0 0 0 0 0 0 0 0 0 0 0/0 0:00 0:00 0:00
Austin Poganski 0 0 0 0 0 0 2 2 0 0 0/0 17:28 1:35 0:00
Colby Cave 0 0 0 0 0 0 0 0 0 0 0/0 0:00 0:00 0:00
Colton Sceviour 0 1 1 0 0 1 2 0 1 0 0/1 14:00 1:38 0:00
Dany Roussin 0 2 2 -1 0 4 4 0 1 0 1/3 25:58 2:02 4:12
Emil Johansson 0 0 0 -1 2 1 1 4 1 0 0/0 22:45 1:21 1:04
Gianluca Curcuruto 0 0 0 2 4 0 1 0 0 0 0/0 28:25 2:41 3:34
Jakob Lilja 0 0 0 0 0 0 0 0 0 0 0/1 4:59 0:01 0:36
Jamie McGinn 2 0 2 1 0 2 0 1 0 1 1/1 11:03 0:00 0:00
Jarrod Maidens 0 0 0 0 0 0 0 0 0 0 0/0 0:00 0:00 0:00
Jesper Pettersson 0 0 0 -3 2 1 0 2 0 0 0/0 23:08 1:21 3:45
Jordan Weal 0 0 0 0 0 0 0 0 0 0 0/1 2:43 0:01 0:53
Mackenze Stewart 0 0 0 2 0 0 0 1 0 0 0/0 13:16 0:00 0:03
Mike Hoffman 0 1 1 1 0 7 3 1 2 0 1/1 19:27 1:35 1:45
Mikko Vainonen 1 1 2 2 0 2 3 3 1 3 0/0 31:40 2:17 4:52
Nikolay Prokhorkin 0 0 0 0 0 0 0 0 0 0 0/0 1:25 0:01 0:00
Trevor Lewis 1 0 1 1 0 3 5 0 0 1 5/10 19:24 1:35 1:45
Vincent Dunn 0 0 0 0 0 0 0 0 0 0 0/0 0:00 0:00 0:00
William Karlsson 2 2 4 1 0 3 3 2 2 0 18/36 28:05 2:02 4:07
Zach Stepan 0 0 0 -1 0 0 0 1 0 1 1/4 8:52 0:00 0:00
Players Stats for Diablos
Player Name G A P +/- PIM S H SB GA TA FO MP PP MP PK MP
------------------------------------------------------------------------------------
Adam Gaudette 1 0 1 0 0 3 0 0 1 0 2/4 9:49 0:00 0:03
Adrian Kempe 0 1 1 -2 2 6 5 0 0 1 1/2 21:39 3:43 0:00
Alex Petrovic 0 1 1 1 0 2 1 0 0 0 0/0 19:40 2:24 1:14
Andrei Mironov 0 0 0 0 0 3 1 0 1 3 0/0 19:13 2:24 0:00
Andrey Pedan 0 0 0 1 2 0 3 0 0 0 0/0 10:52 0:00 0:22
Brian Dumoulin 1 0 1 -2 0 1 3 3 0 3 0/0 27:59 4:15 1:21
Corey Trivino 1 1 2 0 0 2 2 0 1 0 7/13 18:12 2:55 2:14
Corey Tropp 0 1 1 1 0 1 1 0 1 0 0/0 9:25 0:00 0:33
Danton Heinen 0 0 0 -2 2 4 1 1 0 0 0/1 22:10 3:44 0:02
Dean Kukan 0 0 0 0 0 0 2 3 0 0 0/0 14:04 0:00 2:17
Dominic Turgeon 0 0 0 1 0 2 0 0 0 0 3/7 8:17 0:00 0:00
Jakub Vrana 0 1 1 1 0 3 2 0 0 0 0/0 8:17 0:00 0:00
Jiri Sekac 0 0 0 -1 0 1 0 0 0 1 0/1 17:35 2:55 0:36
Peter Holland 1 0 1 -2 2 2 4 0 0 0 18/33 23:08 3:44 0:48
Sergey Tolchinsky 0 0 0 1 0 1 3 0 1 0 0/0 9:38 0:00 0:46
Ty Rattie 1 0 1 1 0 5 1 0 1 0 0/0 8:17 0:00 0:00
Tyler Pitlick 0 2 2 0 0 3 1 0 1 0 0/0 19:01 2:55 2:14
Viktor Loov 0 0 0 -2 0 2 1 1 0 0 0/0 28:11 4:15 2:02
3 Stars
1 - William Karlsson (TRO)
2 - Mikko Vainonen (TRO)
3 - Jamie McGinn (TRO)
Power Play
Thunder - 2 on 4 Attempt(s) - 50.00%
Diablos - 2 on 5 Attempt(s) - 40.00%
Penalty Kill
Thunder - 3 on 5 Attempt(s) - 60.00%
- Score 0 goal in Penalty Kill
Diablos - 2 on 4 Attempt(s) - 50.00%
- Score 0 goal in Penalty Kill
Team Stat
Thunder - Hits : 27 - Faceoff Wins : 30 - Blocked Shots : 17 - Penalty Minutes : 10
Diablos - Hits : 31 - Faceoff Wins : 31 - Blocked Shots : 8 - Penalty Minutes : 8
Official
Referees : Unknown
Linesman : Unknown
Game Notes
No Game Note
Finance
Level 1 -- Attendance: 1969 (98.45%) -- Ticket Income $39,380
Level 2 -- Attendance: 937 (93.70%) -- Ticket Income $12,181
Total Attendance: 2906 (96.87%)
Total Ticket Income: $51,561
Other Income: $2,578
Total Income: $54,139
Thunder
5 vs 5 Forward
Center Left Wing Right Wing Time % Phy DF OF
1 William Karlsson Dany Roussin Colton Sceviour 40 1 2 2
2 Trevor Lewis Mike Hoffman Austin Poganski 30 1 2 2
3 Angelo Esposito Jamie McGinn William Karlsson 20 1 2 2
4 Zach Stepan Artturi Lehkonen Dany Roussin 10 1 2 2
5 vs 5 Defense
Defense Defense Time % Phy DF OF
1 Mikko Vainonen Gianluca Curcuruto 40 1 2 2
2 Emil Johansson Jesper Pettersson 30 1 2 2
3 Mackenze Stewart Mikko Vainonen 20 1 2 2
4 Gianluca Curcuruto Emil Johansson 10 1 2 2
PowerPlay Forward
Center Left Wing Right Wing Time % Phy DF OF
1 William Karlsson Dany Roussin Colton Sceviour 60 1 2 2
2 Trevor Lewis Mike Hoffman Austin Poganski 40 1 2 2
PowerPlay Defense
Defense Defense Time % Phy DF OF
1 Mikko Vainonen Gianluca Curcuruto 60 1 2 2
2 Emil Johansson Jesper Pettersson 40 1 2 2
Penalty Kill 4 Players Forward
Center Wing Time % Phy DF OF
1 William Karlsson Dany Roussin 60 1 2 2
2 Trevor Lewis Mike Hoffman 40 1 2 2
Penalty Kill 4 Players Defense
Defense Defense Time % Phy DF OF
1 Mikko Vainonen Gianluca Curcuruto 60 1 2 2
2 Emil Johansson Jesper Pettersson 40 1 2 2
Penalty Kill - 3 Players Forward
Forward Time % Phy DF OF
1 William Karlsson 60 1 2 2
2 Dany Roussin 40 1 2 2
Penalty Kill - 3 Players Defense
Defense Defense Time % Phy DF OF
1 Mikko Vainonen Gianluca Curcuruto 60 1 2 2
2 Emil Johansson Jesper Pettersson 40 1 2 2
4 vs 4 Forward
Center Wing Time % Phy DF OF
1 William Karlsson Dany Roussin 60 1 2 2
2 Trevor Lewis Mike Hoffman 40 1 2 2
4 vs 4 Defense
Defense Defense Time % Phy DF OF
1 Mikko Vainonen Gianluca Curcuruto 60 1 2 2
2 Emil Johansson Jesper Pettersson 40 1 2 2
Last Minutes Offensive
Center Left Wing Right Wing Defense Defense
William Karlsson Dany Roussin Colton Sceviour Mikko Vainonen Gianluca Curcuruto
Last Minutes Defensive
Center Left Wing Right Wing Defense Defense
William Karlsson Dany Roussin Colton Sceviour Mikko Vainonen Gianluca Curcuruto
Goaltenders
Starting : Niklas Treutle
Backup : Sergei Kostenko
Extra Forwards
Normal : Jakob Lilja, Nikolay Prokhorkin, Jordan Weal - PP : Jakob Lilja, Nikolay Prokhorkin - PK : Jordan Weal
Extra Defensemen
Normal : Mackenze Stewart, Jesper Pettersson, Mikko Vainonen - PP : Mackenze Stewart - PK : Jesper Pettersson, Mikko Vainonen
Penalty Shots
William Karlsson, Dany Roussin, Trevor Lewis, Mike Hoffman, Jamie McGinn
Scratches
Ryan Graves (Strained Left Elbow Injury)
Diablos
5 vs 5 Forward
Center Left Wing Right Wing Time % Phy DF OF
1 Peter Holland Adrian Kempe Danton Heinen 45 0 2 3
2 Corey Trivino Jiri Sekac Tyler Pitlick 30 0 2 3
3 Adam Gaudette Sergey Tolchinsky Corey Tropp 15 0 2 3
4 Dominic Turgeon Jakub Vrana Ty Rattie 10 0 3 2
5 vs 5 Defense
Defense Defense Time % Phy DF OF
1 Viktor Loov Brian Dumoulin 40 0 3 2
2 Alex Petrovic Andrei Mironov 30 0 3 2
3 Dean Kukan Andrey Pedan 20 0 4 1
4 Viktor Loov Brian Dumoulin 10 0 3 2
PowerPlay Forward
Center Left Wing Right Wing Time % Phy DF OF
1 Peter Holland Adrian Kempe Danton Heinen 60 0 0 5
2 Corey Trivino Jiri Sekac Tyler Pitlick 40 0 0 5
PowerPlay Defense
Defense Defense Time % Phy DF OF
1 Brian Dumoulin Viktor Loov 60 0 1 4
2 Andrei Mironov Alex Petrovic 40 0 1 4
Penalty Kill 4 Players Forward
Center Wing Time % Phy DF OF
1 Corey Trivino Tyler Pitlick 60 1 4 0
2 Peter Holland Sergey Tolchinsky 40 1 4 0
Penalty Kill 4 Players Defense
Defense Defense Time % Phy DF OF
1 Dean Kukan Viktor Loov 60 1 4 0
2 Brian Dumoulin Alex Petrovic 40 1 4 0
Penalty Kill - 3 Players Forward
Forward Time % Phy DF OF
1 Corey Trivino 60 0 5 0
2 Adam Gaudette 40 0 5 0
Penalty Kill - 3 Players Defense
Defense Defense Time % Phy DF OF
1 Dean Kukan Viktor Loov 60 0 5 0
2 Alex Petrovic Andrey Pedan 40 0 5 0
4 vs 4 Forward
Center Wing Time % Phy DF OF
1 Peter Holland Adrian Kempe 60 0 2 3
2 Corey Trivino Danton Heinen 40 0 2 3
4 vs 4 Defense
Defense Defense Time % Phy DF OF
1 Viktor Loov Brian Dumoulin 60 0 2 3
2 Andrei Mironov Dean Kukan 40 0 2 3
Last Minutes Offensive
Center Left Wing Right Wing Defense Defense
Peter Holland Adrian Kempe Danton Heinen Brian Dumoulin Viktor Loov
Last Minutes Defensive
Center Left Wing Right Wing Defense Defense
Corey Trivino Sergey Tolchinsky Corey Tropp Viktor Loov Dean Kukan
Goaltenders
Starting : Joni Ortio
Backup : Jean-Francois Berube
Extra Forwards
Normal : Adrian Kempe, Danton Heinen, Peter Holland - PP : Danton Heinen, Adrian Kempe - PK : Corey Tropp
Extra Defensemen
Normal : Brian Dumoulin, Viktor Loov, Andrei Mironov - PP : Brian Dumoulin - PK : Dean Kukan, Viktor Loov
Penalty Shots
Peter Holland, Adrian Kempe, Danton Heinen, Corey Trivino, Corey Tropp
Scratches
Mason Appleton (Healthy), Guillaume Brisebois (Healthy), Tyler Lewington (Healthy), Daniel Sprong (Healthy), Tobias Lindberg (Healthy)
Scott Glennie (Healthy), Charles Hudon (Healthy), Jack Glover (Healthy), Ryan MacInnis (Healthy)
% Time on Ice - Thunder
Lines # - Real PCT - Wanted PCT - Time Play
Normal Forward
1 - 24% - 40% - 11:44
2 - 34% - 30% - 16:34
3 - 23% - 20% - 11:03
4 - 18% - 10% - 8:42
Normal Defense
1 - 35% - 40% - 16:55
2 - 34% - 30% - 16:22
3 - 22% - 20% - 10:37
4 - 9% - 10% - 4:09
PP Forward
1 - 56% - 60% - 2:03
2 - 44% - 40% - 1:35
PP Defense
1 - 63% - 60% - 2:17
2 - 37% - 40% - 1:21
PK Forward
1 - 74% - 60% - 4:54
2 - 26% - 40% - 1:45
PK Defense
1 - 64% - 60% - 4:15
2 - 36% - 40% - 2:24
PK3 Forward
1 - 0% - 60%
2 - 0% - 40%
PK3 Defense
1 - 0% - 60%
2 - 0% - 40%
44 Forward
1 - 88% - 60% - 0:45
2 - 12% - 40% - 0:06
44 Defense
1 - 69% - 60% - 0:35
2 - 31% - 40% - 0:16
Last Minute Offensive - 0:00
Last Minute Defensive - 0:49
Total
Forward - 60:00
Defense - 60:00
|
% Time on Ice - Diablos
Lines # - Real PCT - Wanted PCT - Time Play
Normal Forward
1 - 37% - 45% - 17:56
2 - 27% - 30% - 12:58
3 - 18% - 15% - 8:52
4 - 17% - 10% - 8:17
Normal Defense
1 - 41% - 40% - 19:32
2 - 34% - 30% - 16:07
3 - 22% - 20% - 10:31
4 - 4% - 10% - 1:53
PP Forward
1 - 56% - 60% - 3:44
2 - 44% - 40% - 2:55
PP Defense
1 - 64% - 60% - 4:15
2 - 36% - 40% - 2:24
PK Forward
1 - 79% - 60% - 2:52
2 - 21% - 40% - 0:46
PK Defense
1 - 66% - 60% - 2:24
2 - 34% - 40% - 1:14
PK3 Forward
1 - 0% - 60%
2 - 0% - 40%
PK3 Defense
1 - 0% - 60%
2 - 0% - 40%
44 Forward
1 - 100% - 60% - 0:51
2 - 0% - 40% - 0:00
44 Defense
1 - 57% - 60% - 0:29
2 - 43% - 40% - 0:22
Last Minute Offensive - 0:49
Last Minute Defensive - 0:00
Total
Forward - 60:00
Defense - 60:00
|
Play-by-Play
1st period
0:01 of 1st period - William Karlsson wins face-off versus Danton Heinen in neutral zone.
0:26 of 1st period - Tyler Pitlick is hit by Trevor Lewis and loses puck.
1:28 of 1st period - Snap shot by Danton Heinen.
1:28 of 1st period - Stopped by Niklas Treutle without a rebound.
1:29 of 1st period - Jamie McGinn wins face-off versus Dominic Turgeon in Thunder zone.
2:14 of 1st period - Dean Kukan is hit by Dany Roussin and loses puck.
2:21 of 1st period - Wrist shot by Dany Roussin.
2:21 of 1st period - Stopped by Joni Ortio with a rebound.
2:41 of 1st period - Jamie McGinn is hit by Andrei Mironov and loses puck.
3:06 of 1st period - Mike Hoffman is hit by Andrey Pedan and loses puck.
3:21 of 1st period - Snap shot by Jakub Vrana.
3:21 of 1st period - Stopped by Niklas Treutle without a rebound.
3:22 of 1st period - William Karlsson wins face-off versus Dominic Turgeon in Thunder zone.
3:22 of 1st period - William Karlsson is hit by Brian Dumoulin.
3:32 of 1st period - William Karlsson is hit by Brian Dumoulin.
3:46 of 1st period - Artturi Lehkonen is hit by Adrian Kempe and loses puck.
3:59 of 1st period - Snap shot by Danton Heinen.
3:59 of 1st period - Shot Misses the Net.
4:15 of 1st period - Jamie McGinn is hit by Tyler Pitlick.
4:58 of 1st period - Mike Hoffman is hit by Peter Holland.
6:35 of 1st period - Snap shot by Corey Trivino.
6:35 of 1st period - Stopped by Niklas Treutle with a rebound.
6:37 of 1st period - Slapshot by Brian Dumoulin.
6:37 of 1st period - Shot Blocked by Jesper Pettersson.
7:06 of 1st period - Wrist shot by Adam Gaudette.
7:06 of 1st period - Deflect By Ty Rattie.
7:06 of 1st period - Stopped by Niklas Treutle without a rebound.
7:07 of 1st period - Dominic Turgeon wins face-off versus Zach Stepan in Thunder zone.
7:26 of 1st period - Snap shot by Trevor Lewis.
7:26 of 1st period - Stopped by Joni Ortio without a rebound.
7:27 of 1st period - Mike Hoffman wins face-off versus Peter Holland in Diablos zone.
7:30 of 1st period - Wrist shot by Mike Hoffman.
7:30 of 1st period - Stopped by Joni Ortio with a rebound.
7:44 of 1st period - Off-side.
7:45 of 1st period - William Karlsson wins face-off versus Corey Trivino in neutral zone.
7:48 of 1st period - Tyler Pitlick is hit by Colton Sceviour.
8:39 of 1st period - Slapshot by Corey Tropp.
8:39 of 1st period - Shot Misses the Net.
8:53 of 1st period - Snap shot by Jakub Vrana.
8:53 of 1st period - Shot Misses the Net.
8:55 of 1st period - Snap shot by Ty Rattie.
8:55 of 1st period - Shot Misses the Net.
9:11 of 1st period - Corey Trivino is hit by Mike Hoffman and loses puck.
9:15 of 1st period - Icing by Jiri Sekac.
9:16 of 1st period - William Karlsson wins face-off versus Corey Trivino in Diablos zone.
9:41 of 1st period - Brian Dumoulin is hit by Trevor Lewis and loses puck.
9:54 of 1st period - Wrist shot by Tyler Pitlick.
9:54 of 1st period - Stopped by Niklas Treutle without a rebound.
9:55 of 1st period - Peter Holland wins face-off versus William Karlsson in Thunder zone.
9:58 of 1st period - Wrist shot by Danton Heinen.
9:58 of 1st period - Shot Misses the Net.
10:00 of 1st period - Snap shot by Brian Dumoulin.
10:00 of 1st period - Shot Misses the Net.
10:43 of 1st period - Austin Poganski is hit by Jakub Vrana and loses puck.
10:50 of 1st period - Slapshot by Alex Petrovic.
10:50 of 1st period - Stopped by Niklas Treutle without a rebound.
10:51 of 1st period - Peter Holland wins face-off versus Zach Stepan in Thunder zone.
11:42 of 1st period - Snap shot by Angelo Esposito.
11:42 of 1st period - Shot Blocked by Brian Dumoulin.
12:12 of 1st period - Adrian Kempe is hit by Trevor Lewis.
13:08 of 1st period - Trevor Lewis is hit by Sergey Tolchinsky and loses puck.
13:56 of 1st period - Wrist shot by Ty Rattie.
13:56 of 1st period - Stopped by Niklas Treutle without a rebound.
13:57 of 1st period - Trevor Lewis wins face-off versus Dominic Turgeon in Thunder zone.
14:02 of 1st period - Dominic Turgeon is hit by Gianluca Curcuruto and loses puck.
14:25 of 1st period - Snap shot by Ty Rattie.
14:25 of 1st period - Stopped by Niklas Treutle without a rebound.
14:26 of 1st period - Peter Holland wins face-off versus William Karlsson in Thunder zone.
14:29 of 1st period - Wrist shot by Adrian Kempe.
14:29 of 1st period - Deflect By Danton Heinen.
14:29 of 1st period - Shot Blocked by Emil Johansson.
14:29 of 1st period - Puck is out of play.
14:30 of 1st period - Peter Holland wins face-off versus William Karlsson in Thunder zone.
14:33 of 1st period - Snap shot by Adrian Kempe.
14:33 of 1st period - Shot Misses the Net.
14:55 of 1st period - Wrist shot by Mike Hoffman.
14:55 of 1st period - Shot Blocked by Viktor Loov.
14:57 of 1st period - Slapshot by Emil Johansson.
14:57 of 1st period - Deflect By Brian Dumoulin.
14:57 of 1st period - Stopped by Joni Ortio without a rebound.
14:58 of 1st period - Trevor Lewis wins face-off versus Corey Trivino in Diablos zone.
15:19 of 1st period - Minor Penalty to Andrey Pedan for Hooking.
15:20 of 1st period - William Karlsson wins face-off versus Corey Trivino in Diablos zone.
15:33 of 1st period - Wrist shot by William Karlsson.
15:33 of 1st period - Goal by William Karlsson - Thunder : 1 - Diablos : 0.
15:34 of 1st period - Peter Holland wins face-off versus William Karlsson in neutral zone.
15:34 of 1st period - Peter Holland is hit by Dany Roussin.
15:53 of 1st period - William Karlsson is hit by Brian Dumoulin and loses puck.
16:04 of 1st period - Snap shot by William Karlsson.
16:04 of 1st period - Goal by William Karlsson - Thunder : 2 - Diablos : 0.
16:05 of 1st period - Peter Holland wins face-off versus William Karlsson in neutral zone.
16:39 of 1st period - Wrist shot by Mike Hoffman.
16:39 of 1st period - Stopped by Joni Ortio with a rebound.
16:57 of 1st period - William Karlsson is hit by Corey Tropp and loses puck.
17:12 of 1st period - Snap shot by Ty Rattie.
17:12 of 1st period - Goal by Ty Rattie - Thunder : 2 - Diablos : 1.
17:13 of 1st period - William Karlsson wins face-off versus Peter Holland in neutral zone.
17:15 of 1st period - Off-side.
17:16 of 1st period - William Karlsson wins face-off versus Peter Holland in neutral zone.
17:41 of 1st period - Tyler Pitlick is hit by Trevor Lewis and loses puck.
18:13 of 1st period - Alex Petrovic is hit by Angelo Esposito and loses puck.
19:10 of 1st period - Sergey Tolchinsky is hit by Mike Hoffman and loses puck.
Goals for this period are 2 for Thunder vs 1 for Diablos .
Shots for this period are 7 for Thunder vs 9 for Diablos .
2nd period
0:01 of 2nd period - William Karlsson wins face-off versus Peter Holland in neutral zone.
0:03 of 2nd period - Minor Penalty to Emil Johansson for Roughing.
0:04 of 2nd period - William Karlsson wins face-off versus Peter Holland in Thunder zone.
1:03 of 2nd period - Icing by Peter Holland.
1:04 of 2nd period - Peter Holland wins face-off versus William Karlsson in Diablos zone.
2:03 of 2nd period - Penalty to Emil Johansson is over, Emil Johansson is back on ice.
2:13 of 2nd period - Trevor Lewis is hit by Sergey Tolchinsky and loses puck.
2:20 of 2nd period - Snap shot by Corey Tropp.
2:20 of 2nd period - Shot Misses the Net.
2:22 of 2nd period - Slapshot by Dean Kukan.
2:22 of 2nd period - Deflect By Sergey Tolchinsky.
2:22 of 2nd period - Shot Blocked by Austin Poganski.
2:22 of 2nd period - Puck is out of play.
2:23 of 2nd period - Dominic Turgeon wins face-off versus Trevor Lewis in Thunder zone.
2:24 of 2nd period - Snap shot by Ty Rattie.
2:24 of 2nd period - Shot Blocked by Mikko Vainonen.
2:26 of 2nd period - Snap shot by Dominic Turgeon.
2:26 of 2nd period - Stopped by Niklas Treutle without a rebound.
2:27 of 2nd period - Trevor Lewis wins face-off versus Dominic Turgeon in Thunder zone.
2:32 of 2nd period - Snap shot by Jakub Vrana.
2:32 of 2nd period - Stopped by Niklas Treutle without a rebound.
2:33 of 2nd period - Dominic Turgeon wins face-off versus Trevor Lewis in Thunder zone.
2:34 of 2nd period - Snap shot by Ty Rattie.
2:34 of 2nd period - Stopped by Niklas Treutle with a rebound.
2:40 of 2nd period - Wrist shot by Mike Hoffman.
2:40 of 2nd period - Shot Misses the Net.
2:42 of 2nd period - Slapshot by Mike Hoffman.
2:42 of 2nd period - Stopped by Joni Ortio without a rebound.
2:43 of 2nd period - Peter Holland wins face-off versus Colton Sceviour in Diablos zone.
2:56 of 2nd period - Snap shot by William Karlsson.
2:56 of 2nd period - Stopped by Joni Ortio without a rebound.
2:57 of 2nd period - William Karlsson wins face-off versus Peter Holland in Diablos zone.
3:03 of 2nd period - Peter Holland is hit by Mikko Vainonen and loses puck.
3:10 of 2nd period - Wrist shot by Danton Heinen.
3:10 of 2nd period - Shot Misses the Net.
3:12 of 2nd period - Slapshot by Viktor Loov.
3:12 of 2nd period - Stopped by Niklas Treutle with a rebound.
3:18 of 2nd period - Minor Penalty to Gianluca Curcuruto for Interference.
3:19 of 2nd period - Peter Holland wins face-off versus William Karlsson in Thunder zone.
3:34 of 2nd period - Slapshot by Viktor Loov.
3:34 of 2nd period - Stopped by Niklas Treutle with a rebound.
3:50 of 2nd period - Slapshot by Brian Dumoulin.
3:50 of 2nd period - Goal by Brian Dumoulin - Thunder : 2 - Diablos : 2.
3:51 of 2nd period - Peter Holland wins face-off versus William Karlsson in neutral zone.
4:43 of 2nd period - Slapshot by Adam Gaudette.
4:43 of 2nd period - Stopped by Niklas Treutle with a rebound.
4:45 of 2nd period - Wrist shot by Adam Gaudette.
4:45 of 2nd period - Goal by Adam Gaudette - Thunder : 2 - Diablos : 3.
4:46 of 2nd period - Peter Holland wins face-off versus William Karlsson in neutral zone.
5:04 of 2nd period - Adrian Kempe is hit by Mikko Vainonen and loses puck.
5:46 of 2nd period - Wrist shot by Adrian Kempe.
5:46 of 2nd period - Stopped by Niklas Treutle with a rebound.
5:56 of 2nd period - Wrist shot by Trevor Lewis.
5:56 of 2nd period - Shot Misses the Net.
5:58 of 2nd period - Backhand shot by Austin Poganski.
5:58 of 2nd period - Shot Misses the Net.
6:08 of 2nd period - Slapshot by Mike Hoffman.
6:08 of 2nd period - Stopped by Joni Ortio without a rebound.
6:09 of 2nd period - Corey Trivino wins face-off versus William Karlsson in Diablos zone.
6:16 of 2nd period - Emil Johansson is hit by Corey Trivino and loses puck.
6:58 of 2nd period - Slapshot by Artturi Lehkonen.
6:58 of 2nd period - Shot Blocked by Dean Kukan.
7:02 of 2nd period - Wrist shot by Artturi Lehkonen.
7:02 of 2nd period - Stopped by Joni Ortio with a rebound.
7:14 of 2nd period - Dany Roussin is hit by Dean Kukan and loses puck.
7:21 of 2nd period - Slapshot by Jiri Sekac.
7:21 of 2nd period - Shot Blocked by Mackenze Stewart.
7:37 of 2nd period - Angelo Esposito is hit by Sergey Tolchinsky and loses puck.
7:44 of 2nd period - Wrist shot by Corey Tropp.
7:44 of 2nd period - Shot Misses the Net.
7:46 of 2nd period - Wrist shot by Corey Tropp.
7:46 of 2nd period - Shot Misses the Net.
8:13 of 2nd period - Mike Hoffman is hit by Jakub Vrana and loses puck.
8:20 of 2nd period - Slapshot by Alex Petrovic.
8:20 of 2nd period - Stopped by Niklas Treutle with a rebound.
8:22 of 2nd period - Slapshot by Andrei Mironov.
8:22 of 2nd period - Stopped by Niklas Treutle with a rebound.
8:24 of 2nd period - Backhand shot by Andrei Mironov.
8:24 of 2nd period - Stopped by Niklas Treutle with a rebound.
8:26 of 2nd period - Slapshot by Andrei Mironov.
8:26 of 2nd period - Stopped by Niklas Treutle with a rebound.
8:28 of 2nd period - Snap shot by Jakub Vrana.
8:28 of 2nd period - Stopped by Niklas Treutle with a rebound.
8:30 of 2nd period - Snap shot by Dominic Turgeon.
8:30 of 2nd period - Stopped by Niklas Treutle with a rebound.
8:32 of 2nd period - Snap shot by Ty Rattie.
8:32 of 2nd period - Deflect By Jakub Vrana.
8:32 of 2nd period - Shot Blocked by Mike Hoffman.
8:32 of 2nd period - Puck is out of play.
8:33 of 2nd period - Zach Stepan wins face-off versus Peter Holland in Thunder zone.
8:40 of 2nd period - Peter Holland is hit by Artturi Lehkonen and loses puck.
8:45 of 2nd period - Snap shot by Artturi Lehkonen.
8:45 of 2nd period - Stopped by Joni Ortio with a rebound.
9:10 of 2nd period - Tyler Pitlick is hit by Dany Roussin and loses puck.
10:04 of 2nd period - Dominic Turgeon is hit by Artturi Lehkonen and loses puck.
10:20 of 2nd period - Alex Petrovic is hit by Colton Sceviour and loses puck.
10:49 of 2nd period - Jiri Sekac is hit by Mike Hoffman and loses puck.
11:23 of 2nd period - Wrist shot by Adam Gaudette.
11:23 of 2nd period - Stopped by Niklas Treutle with a rebound.
11:25 of 2nd period - Wrist shot by Adam Gaudette.
11:25 of 2nd period - Shot Misses the Net.
11:27 of 2nd period - Slapshot by Andrey Pedan.
11:27 of 2nd period - Shot Misses the Net.
11:29 of 2nd period - Wrist shot by Adam Gaudette.
11:29 of 2nd period - Shot Misses the Net.
11:31 of 2nd period - Slapshot by Dean Kukan.
11:31 of 2nd period - Shot Misses the Net.
11:33 of 2nd period - Slapshot by Sergey Tolchinsky.
11:33 of 2nd period - Stopped by Niklas Treutle without a rebound.
11:34 of 2nd period - Corey Trivino wins face-off versus Trevor Lewis in Thunder zone.
11:49 of 2nd period - Slapshot by Jiri Sekac.
11:49 of 2nd period - Stopped by Niklas Treutle without a rebound.
11:50 of 2nd period - William Karlsson wins face-off versus Peter Holland in Thunder zone.
11:50 of 2nd period - William Karlsson is hit by Adrian Kempe.
13:31 of 2nd period - Slapshot by Adam Gaudette.
13:31 of 2nd period - Shot Blocked by Zach Stepan.
13:55 of 2nd period - Mikko Vainonen is hit by Andrey Pedan.
14:08 of 2nd period - Off-side.
14:09 of 2nd period - Peter Holland wins face-off versus Zach Stepan in neutral zone.
14:35 of 2nd period - Slapshot by Gianluca Curcuruto.
14:35 of 2nd period - Deflect By Trevor Lewis.
14:35 of 2nd period - Deflect By Jiri Sekac.
14:35 of 2nd period - Stopped by Joni Ortio without a rebound.
14:36 of 2nd period - Corey Trivino wins face-off versus Trevor Lewis in Diablos zone.
15:04 of 2nd period - Minor Penalty to Jesper Pettersson for Interference.
15:05 of 2nd period - William Karlsson wins face-off versus Peter Holland in Thunder zone.
15:41 of 2nd period - Wrist shot by Mike Hoffman.
15:41 of 2nd period - Shot Blocked by Brian Dumoulin.
15:49 of 2nd period - Snap shot by Mike Hoffman.
15:49 of 2nd period - Stopped by Joni Ortio without a rebound.
15:50 of 2nd period - Peter Holland wins face-off versus William Karlsson in Diablos zone.
15:59 of 2nd period - Adrian Kempe is hit by Mikko Vainonen.
16:05 of 2nd period - Snap shot by Peter Holland.
16:05 of 2nd period - Goal by Peter Holland - Thunder : 2 - Diablos : 4.
16:06 of 2nd period - William Karlsson wins face-off versus Adrian Kempe in neutral zone.
16:15 of 2nd period - Slapshot by Dany Roussin.
16:15 of 2nd period - Stopped by Joni Ortio with a rebound.
16:17 of 2nd period - Wrist shot by William Karlsson.
16:17 of 2nd period - Shot Blocked by Danton Heinen.
16:19 of 2nd period - Slapshot by Colton Sceviour.
16:19 of 2nd period - Stopped by Joni Ortio with a rebound.
16:27 of 2nd period - Minor Penalty to Peter Holland for Holding.
16:28 of 2nd period - Corey Trivino wins face-off versus William Karlsson in Diablos zone.
16:37 of 2nd period - Dean Kukan is hit by William Karlsson and loses puck.
16:42 of 2nd period - Slapshot by Dany Roussin.
16:42 of 2nd period - Stopped by Joni Ortio with a rebound.
16:44 of 2nd period - Slapshot by Mikko Vainonen.
16:44 of 2nd period - Goal by Mikko Vainonen - Thunder : 3 - Diablos : 4.
16:45 of 2nd period - William Karlsson wins face-off versus Peter Holland in neutral zone.
16:50 of 2nd period - Mikko Vainonen is hit by Peter Holland.
16:56 of 2nd period - Snap shot by Adrian Kempe.
16:56 of 2nd period - Stopped by Niklas Treutle with a rebound.
16:58 of 2nd period - Wrist shot by Viktor Loov.
16:58 of 2nd period - Deflect By Adrian Kempe.
16:58 of 2nd period - Stopped by Niklas Treutle with a rebound.
17:22 of 2nd period - Slapshot by Corey Tropp.
17:22 of 2nd period - Stopped by Niklas Treutle with a rebound.
17:59 of 2nd period - Mikko Vainonen is hit by Peter Holland and loses puck.
18:06 of 2nd period - Snap shot by Peter Holland.
18:06 of 2nd period - Shot Misses the Net.
18:08 of 2nd period - Snap shot by Adrian Kempe.
18:08 of 2nd period - Shot Blocked by Jamie McGinn.
18:20 of 2nd period - Slapshot by Dany Roussin.
18:20 of 2nd period - Shot Misses the Net.
18:52 of 2nd period - William Karlsson is hit by Adrian Kempe and loses puck.
19:51 of 2nd period - Mike Hoffman is hit by Adrian Kempe and loses puck.
Goals for this period are 1 for Thunder vs 3 for Diablos .
Shots for this period are 11 for Thunder vs 22 for Diablos .
3rd period
0:01 of 3rd period - Adrian Kempe wins face-off versus William Karlsson in neutral zone.
0:30 of 3rd period - Slapshot by Viktor Loov.
0:30 of 3rd period - Shot Blocked by Mikko Vainonen.
0:32 of 3rd period - Slapshot by Tyler Pitlick.
0:32 of 3rd period - Stopped by Niklas Treutle without a rebound.
0:33 of 3rd period - William Karlsson wins face-off versus Jiri Sekac in Thunder zone.
0:40 of 3rd period - Snap shot by Tyler Pitlick.
0:40 of 3rd period - Stopped by Niklas Treutle without a rebound.
0:41 of 3rd period - Corey Trivino wins face-off versus Dany Roussin in Thunder zone.
1:18 of 3rd period - Wrist shot by Corey Trivino.
1:18 of 3rd period - Goal by Corey Trivino - Thunder : 3 - Diablos : 5.
1:19 of 3rd period - Peter Holland wins face-off versus Trevor Lewis in neutral zone.
1:34 of 3rd period - Snap shot by Danton Heinen.
1:34 of 3rd period - Stopped by Niklas Treutle without a rebound.
1:35 of 3rd period - Corey Trivino wins face-off versus Dany Roussin in Thunder zone.
1:42 of 3rd period - Brian Dumoulin is hit by Dany Roussin and loses puck.
2:01 of 3rd period - Viktor Loov is hit by Austin Poganski and loses puck.
2:10 of 3rd period - Snap shot by Mike Hoffman.
2:10 of 3rd period - Shot Misses the Net.
2:27 of 3rd period - Minor Penalty to Danton Heinen for Holding.
2:28 of 3rd period - Corey Trivino wins face-off versus William Karlsson in Diablos zone.
2:59 of 3rd period - Slapshot by Mikko Vainonen.
2:59 of 3rd period - Shot Blocked by Dean Kukan.
3:01 of 3rd period - Snap shot by Jesper Pettersson.
3:01 of 3rd period - Shot Blocked by Dean Kukan.
3:03 of 3rd period - Snap shot by Mike Hoffman.
3:03 of 3rd period - Stopped by Joni Ortio with a rebound.
4:19 of 3rd period - Austin Poganski is hit by Andrey Pedan and loses puck.
4:27 of 3rd period - Penalty to Danton Heinen is over, Danton Heinen is back on ice.
4:52 of 3rd period - Jakub Vrana is hit by William Karlsson and loses puck.
5:39 of 3rd period - Jesper Pettersson is hit by Viktor Loov and loses puck.
6:00 of 3rd period - Angelo Esposito is hit by Ty Rattie.
6:12 of 3rd period - Andrey Pedan is hit by Austin Poganski.
6:18 of 3rd period - Austin Poganski is hit by Danton Heinen and loses puck.
6:35 of 3rd period - Minor Penalty to Artturi Lehkonen for Hooking.
6:36 of 3rd period - Peter Holland wins face-off versus William Karlsson in Thunder zone.
6:40 of 3rd period - Slapshot by Adrian Kempe.
6:40 of 3rd period - Stopped by Niklas Treutle without a rebound.
6:41 of 3rd period - Dany Roussin wins face-off versus Peter Holland in Thunder zone.
6:46 of 3rd period - Wrist shot by Danton Heinen.
6:46 of 3rd period - Stopped by Niklas Treutle with a rebound.
6:48 of 3rd period - Snap shot by Peter Holland.
6:48 of 3rd period - Shot Misses the Net.
6:50 of 3rd period - Wrist shot by Danton Heinen.
6:50 of 3rd period - Shot Blocked by William Karlsson.
6:52 of 3rd period - Snap shot by Peter Holland.
6:52 of 3rd period - Stopped by Niklas Treutle with a rebound.
6:54 of 3rd period - Slapshot by Danton Heinen.
6:54 of 3rd period - Shot Misses the Net.
6:56 of 3rd period - Wrist shot by Brian Dumoulin.
6:56 of 3rd period - Shot Blocked by William Karlsson.
7:10 of 3rd period - Snap shot by Jiri Sekac.
7:10 of 3rd period - Shot Misses the Net.
7:51 of 3rd period - Alex Petrovic is hit by Emil Johansson and loses puck.
8:03 of 3rd period - Icing by Alex Petrovic.
8:04 of 3rd period - Peter Holland wins face-off versus William Karlsson in Diablos zone.
8:35 of 3rd period - Penalty to Artturi Lehkonen is over, Artturi Lehkonen is back on ice.
8:37 of 3rd period - Icing by Tyler Pitlick.
8:38 of 3rd period - Trevor Lewis wins face-off versus Adam Gaudette in Diablos zone.
9:15 of 3rd period - Corey Trivino is hit by William Karlsson and loses puck.
9:36 of 3rd period - Mikko Vainonen is hit by Adrian Kempe and loses puck.
9:45 of 3rd period - Minor Penalty to Gianluca Curcuruto for Slashing.
9:46 of 3rd period - William Karlsson wins face-off versus Peter Holland in Thunder zone.
10:15 of 3rd period - Wrist shot by Tyler Pitlick.
10:15 of 3rd period - Shot Misses the Net.
10:53 of 3rd period - Minor Penalty to Adrian Kempe for High sticking.
10:54 of 3rd period - Peter Holland wins face-off versus William Karlsson in Diablos zone.
11:28 of 3rd period - Snap shot by Trevor Lewis.
11:28 of 3rd period - Goal by Trevor Lewis - Thunder : 4 - Diablos : 5.
11:29 of 3rd period - Peter Holland wins face-off versus William Karlsson in neutral zone.
11:32 of 3rd period - Snap shot by Peter Holland.
11:32 of 3rd period - Shot Misses the Net.
11:45 of 3rd period - Penalty to Gianluca Curcuruto is over, Gianluca Curcuruto is back on ice.
11:54 of 3rd period - Slapshot by Tyler Pitlick.
11:54 of 3rd period - Shot Misses the Net.
12:12 of 3rd period - Snap shot by Mike Hoffman.
12:12 of 3rd period - Stopped by Joni Ortio with a rebound.
12:14 of 3rd period - Slapshot by Emil Johansson.
12:14 of 3rd period - Shot Misses the Net.
12:16 of 3rd period - Wrist shot by Jesper Pettersson.
12:16 of 3rd period - Stopped by Joni Ortio with a rebound.
12:18 of 3rd period - Slapshot by Jesper Pettersson.
12:18 of 3rd period - Deflect By Trevor Lewis.
12:18 of 3rd period - Shot Misses the Net.
12:18 of 3rd period - Puck is out of play.
12:19 of 3rd period - Trevor Lewis wins face-off versus Corey Trivino in Diablos zone.
12:53 of 3rd period - Penalty to Adrian Kempe is over, Adrian Kempe is back on ice.
13:03 of 3rd period - Slapshot by Brian Dumoulin.
13:03 of 3rd period - Shot Blocked by Emil Johansson.
13:21 of 3rd period - Zach Stepan is hit by Peter Holland and loses puck.
13:42 of 3rd period - Adrian Kempe is hit by Trevor Lewis and loses puck.
14:47 of 3rd period - Wrist shot by Adrian Kempe.
14:47 of 3rd period - Shot Blocked by Austin Poganski.
14:49 of 3rd period - Snap shot by Peter Holland.
14:49 of 3rd period - Shot Blocked by Emil Johansson.
14:51 of 3rd period - Snap shot by Peter Holland.
14:51 of 3rd period - Shot Blocked by Emil Johansson.
14:53 of 3rd period - Slapshot by Dean Kukan.
14:53 of 3rd period - Shot Blocked by Jesper Pettersson.
14:55 of 3rd period - Wrist shot by Adrian Kempe.
14:55 of 3rd period - Stopped by Niklas Treutle without a rebound.
14:56 of 3rd period - William Karlsson wins face-off versus Corey Trivino in Thunder zone.
14:56 of 3rd period - William Karlsson is hit by Alex Petrovic.
15:06 of 3rd period - Wrist shot by Dany Roussin.
15:06 of 3rd period - Stopped by Joni Ortio with a rebound.
15:08 of 3rd period - Slapshot by Mikko Vainonen.
15:08 of 3rd period - Stopped by Joni Ortio without a rebound.
15:09 of 3rd period - William Karlsson wins face-off versus Adam Gaudette in Diablos zone.
15:38 of 3rd period - Mike Hoffman is hit by Corey Trivino and loses puck.
16:26 of 3rd period - Icing by Sergey Tolchinsky.
16:27 of 3rd period - Adam Gaudette wins face-off versus Jordan Weal in Diablos zone.
17:13 of 3rd period - Wrist shot by Artturi Lehkonen.
17:13 of 3rd period - Deflect By Jamie McGinn.
17:13 of 3rd period - Goal by Jamie McGinn - Thunder : 5 - Diablos : 5.
17:14 of 3rd period - Angelo Esposito wins face-off versus Peter Holland in neutral zone.
17:21 of 3rd period - Slapshot by Angelo Esposito.
17:21 of 3rd period - Shot Misses the Net.
17:23 of 3rd period - Snap shot by William Karlsson.
17:23 of 3rd period - Shot Misses the Net.
17:25 of 3rd period - Snap shot by Jamie McGinn.
17:25 of 3rd period - Goal by Jamie McGinn - Thunder : 6 - Diablos : 5.
17:26 of 3rd period - Angelo Esposito wins face-off versus Peter Holland in neutral zone.
17:34 of 3rd period - Off-side.
17:35 of 3rd period - Angelo Esposito wins face-off versus Peter Holland in neutral zone.
17:56 of 3rd period - Wrist shot by Danton Heinen.
17:56 of 3rd period - Stopped by Niklas Treutle with a rebound.
17:58 of 3rd period - Wrist shot by Viktor Loov.
17:58 of 3rd period - Shot Blocked by Mikko Vainonen.
18:00 of 3rd period - Slapshot by Brian Dumoulin.
18:00 of 3rd period - Shot Misses the Net.
18:29 of 3rd period - Backhand shot by Mikko Vainonen.
18:29 of 3rd period - Shot Blocked by Brian Dumoulin.
18:48 of 3rd period - Diablos , Joni Ortio is pulled from the net.
18:56 of 3rd period - Wrist shot by Adrian Kempe.
18:56 of 3rd period - Shot Misses the Net.
19:10 of 3rd period - Slapshot by Adrian Kempe.
19:10 of 3rd period - Stopped by Niklas Treutle without a rebound.
19:11 of 3rd period - Gerard Gallant call a timeout for Diablos .
19:11 of 3rd period - Adam Gaudette wins face-off versus Jakob Lilja in Thunder zone.
19:25 of 3rd period - Mackenze Stewart is hit by Dean Kukan and loses puck.
19:44 of 3rd period - Slapshot by Dany Roussin.
19:44 of 3rd period - Shot Misses the Net.
Goals for this period are 3 for Thunder vs 1 for Diablos .
Shots for this period are 8 for Thunder vs 10 for Diablos .